 Dungeon Crawl Stone Soup version 0.19-a0-414-g76fec5b (webtiles) character file.

143 Skanax the Grave Robber (level 5, -4/35 HPs)
             Began as a Demonspawn Necromancer on May 31, 2016.
             Slain by a gnoll (6 damage)
             ... on level 3 of the Dungeon.
             The game lasted 00:11:41 (2456 turns).

Skanax the Grave Robber (Demonspawn Necromancer)    Turns: 2456, Time: 00:11:42

Health: -4/35      AC:  2    Str:  9    XL:     5   Next: 4%
Magic:  0/9        EV: 12    Int: 17    God:
Gold:   144        SH:  0    Dex: 13    Spells: 3 memorised, 5 levels left

rFire  . . .     SeeInvis .     e - +0 dagger
rCold  . . .     Gourm    .     a - +0 robe
rNeg   . . .     Faith    .     (no shield)
rPois  .         Spirit   +     (no helmet)
rElec  .         Dismiss  .     (no cloak)
rCorr  .         Reflect  .     (no gloves)
SustAt .         Harm     .     (no boots)
MR     .....                    (no amulet)
Stlth  ++........               (no ring)
                                (no ring)

@: very slightly contaminated, not resistant to hostile enchantments, unstealthy
A: talons 1, magic shield
a: no special abilities


You were on level 3 of the Dungeon.
You were not hungry.

You visited 1 branch of the dungeon, and saw 3 of its levels.

You collected 144 gold pieces.

Inventory:

Hand Weapons
 e - a +0 dagger (weapon)
 i - a +1 hunting sling
Missiles
 h - 125 stones (quivered)
 j - 20 bolts
 k - 32 arrows
 q - 26 poisoned needles
Armour
 a - a +0 robe (worn)
Wands
 p - a wand of digging (8/24)
Scrolls
 l - 3 scrolls of identify
 m - a scroll of enchant weapon
Potions
 d - a potion of lignification
 f - a potion of haste
 g - 2 potions of brilliance {unknown}
 n - a potion of curing {unknown}
 o - 2 potions of ambrosia {unknown}
Books
 b - a book of Necromancy

   Spells                             Type                      Level
   a - Pain                           Necromancy                   1
   b - Animate Skeleton               Necromancy                   1
   c - Vampiric Draining              Necromancy                   3
   d - Regeneration                   Charms/Necromancy            3
   e - Animate Dead                   Necromancy                   4
   f - Control Undead                 Necromancy                   4
Comestibles
 c - 3 chunks of flesh


   Skills:
 + Level 0.1 Short Blades
 + Level 2.3 Dodging
 + Level 2.0 Stealth
 + Level 3.1 Spellcasting
 + Level 5.8 Necromancy


You had 5 spell levels left.
You knew the following spells:

 Your Spells              Type           Power        Failure   Level  Hunger
a - Pain                  Necr           ###.         1%          1    None
b - Animate Skeleton      Necr           N/A          1%          1    None
c - Regeneration          Chrm/Necr      ##........   17%         3    ###....


Dungeon Overview and Level Annotations

Branches:
Dungeon (3/15)

Altars:
Yredelemnul


Innate Abilities, Weirdness & Mutations

You have sharp toenails.
When hurt, damage is shared between your health and your magic reserves.


Message History

Aiming: Pain
Press: ? - help, Shift-Dir - straight line, f/p - gnoll
Aim: a gnoll, wielding a halberd (heavily wounded, chance to defeat MR: 87%)
The gnoll barely resists.
The gnoll hits you from afar with a spear.
* * * LOW HITPOINT WARNING * * *
The gnoll closely misses you.
The gnoll hits you from afar with an enchanted spear.
* * * LOW HITPOINT WARNING * * *
Found a stone staircase leading up.
The gnoll hits you from afar with a halberd.
* * * LOW HITPOINT WARNING * * *
Found a smoky green potion.
The gnoll completely misses you. The gnoll barely misses you.
The gnoll hits you from afar with a spear!
* * * LOW HITPOINT WARNING * * *
The gnoll barely misses you. The gnoll hits you.
You die...

....... ... ....... ...
....... .. ....... ..
................# !#
................##.###.#
.......................#
................@..#
...............g.#######
..............sg........
.....†.........gg#######
.................#
.................#
.................#
.................#
.....[.........<.#


You could see 4 gnolls and a giant cockroach.

Vanquished Creatures
  8 adders (D:2)
  An ooze (D:2)
  A worm (D:2)
  3 dart slugs (D:1)
  2 giant geckos
  5 ball pythons
  4 giant cockroaches
  9 goblins
  5 hobgoblins
  8 kobolds
  5 bats
  2 giant newts (D:1)
  5 rats
58 creatures vanquished.

Vanquished Creatures (collateral kills)
  A bat (D:1)
  A goblin (D:2)
2 creatures vanquished.

Grand Total: 60 creatures vanquished

Notes
Turn   | Place    | Note
--------------------------------------------------------------
     0 | D:1      | Skanax the Demonspawn Necromancer began the quest for the Orb.
     0 | D:1      | Reached XP level 1. HP: 13/13 MP: 3/3
    19 | D:1      | Learned a level 1 spell: Animate Skeleton
   134 | D:1      | Gained mutation: You have sharp toenails. [demonic ancestry]
   134 | D:1      | Reached XP level 2. HP: 9/19 MP: 1/5
   291 | D:1      | Reached skill level 5 in Necromancy
   800 | D:1      | Reached XP level 3. HP: 19/24 MP: 1/6
  1514 | D:2      | Reached XP level 4. HP: 18/30 MP: 0/7
  1583 | D:2      | Learned a level 3 spell: Regeneration
  2158 | D:2      | Found a basalt altar of Yredelemnul.
  2319 | D:2      | Gained mutation: When hurt, damage is shared between your health and your magic reserves. [demonic ancestry]
  2319 | D:2      | Reached XP level 5. HP: 30/35 MP: 1/9
  2454 | D:3      | HP: 1/35 [gnoll/spear (4)]
  2456 | D:3      | Slain by a gnoll

Vault maps used:
D:1:      evilmike_arrival_crescent
D:2:      nicolae_overflow_hidden_temple, minmay_snake_closets
D:3:      marbit_many_paths, lemuel_coloured_pillars_altar, first_bread

Skill      XL: |  1  2  3  4 |
---------------+-------------+-----
Dodging        | 2 |  2.3
Necromancy     | 5 |  5.8
Spellcasting   | 3 |  3.1
Stealth        | 2 |  2.0
Short Blades   | |  0.1

Action                   |  1- 3 |  4- 6 || total
-------------------------+-------+-------++-------
Melee: Unarmed           |     7 |       ||     7
       Dagger            |    19 |       ||    19
       Kick              |     1 |       ||     1
Throw: Stone             |     9 |       ||     9
 Cast: Pain              |    70 |    39 ||   109
       Animate Skeleton  |     9 |     6 ||    15
  Use: Scroll            |     5 |       ||     5
  Eat: Chunk             |     2 |     1 ||     3
       Bread ration      |       |     1 ||     1
       Beef jerky        |       |     1 ||     1
Armor: Robe              |     6 |     2 ||     8
Dodge: Dodged            |    30 |    18 ||    48
